 Dungeon Crawl Stone Soup version 0.28.0 (webtiles) character file.

Game seed: 15483021468087339547

191 RighteousDevil the Cudgeller (level 5, -3/41 HPs)
             Began as a Demonspawn Cinder Acolyte on Feb 5, 2022.
             Was a High Priest of Ignis.
             Slain by a gnoll (4 damage)
             ... on level 4 of the Dungeon.
             The game lasted 00:04:51 (3555 turns).

RighteousDevil the Cudgeller (DsCA)                 Turns: 3555, Time: 00:04:52

Health: -3/41      AC: 14    Str: 15    XL:     5   Next: 41%
Magic:  6/6        EV:  9    Int: 15    God:    Ignis [*****.]
Gold:   148        SH:  0    Dex: 12    Spells: 4/6 levels left

rFire   + . .      SeeInvis .   b - +6 hand axe "Juasyisk" {freeze, rN+ Dex+2}
rCold   . . .      Faith    .   (no shield)
rNeg    + . .      Spirit   .   k - +0 scale mail
rPois   .          Reflect  .   e - +0 helmet
rElec   .          Harm     .   (no cloak)
rCorr   .          Rampage  .   (no gloves)
Will    .....                   (no boots)
Stlth   ..........              (no amulet)
HPRegen 0.13/turn               (no ring)
MPRegen 0.10/turn               (no ring)

@: lethally poisoned (-3 -> -7), fiery-armoured
A: claws 1, foul stench 1
a: Renounce Religion, Fiery Armour, Foxfire Swarm, Rising Flame


You were on level 4 of the Dungeon.
You worshipped Ignis.
Ignis was extremely pleased with you.
You visited 1 branch of the dungeon, and saw 4 of its levels.

You collected 148 gold pieces.

Inventory:

Hand Weapons
 a - a -1 mace of flaming
 b - the +6 hand axe "Juasyisk" (weapon) {freeze, rN+ Dex+2}
   (You found it on level 2 of the Dungeon)

   It freezes those it strikes, dealing additional cold damage.
   It can also slow down cold-blooded creatures.
   Dex:       It affects your dexterity (+2).
   rN:        It protects you from negative energy.
Armour
 e - a +0 helmet (worn)
 h - a scarf of shadows
 k - a +0 scale mail (worn)
Scrolls
 d - a scroll of immolation {unknown}
 f - a scroll of vulnerability {unknown}
 g - a scroll of fear {unknown}
 j - a scroll of brand weapon {unknown}
Potions
 c - a potion of degeneration {unknown}
 i - 3 potions of heal wounds {unknown}
 l - 2 potions of haste {unknown}
 s - 3 potions of curing {unknown}


   Skills:
 - Level 3.0 Fighting
 * Level 2.7(3.8) Axes
 - Level 4.1(4.5) Maces & Flails
 - Level 1.0 Spellcasting
 + Level 3.6 Fire Magic


You had 4 spell levels left.
You knew the following spells:

 Your Spells              Type           Power      Damage    Failure   Level
a - Scorch                Fire           22%        2d6       34%         2

Your spell library contained the following spells:

 Spells                   Type           Power      Damage    Failure   Level
 Blink                    Tloc           0%         N/A       83%         2
 Lesser Beckoning         Tloc           0%         N/A       97%         3
 Ozocubu's Armour         Ice            0%         N/A       97%         3
 Manifold Assault         Tloc           0%         N/A       100%        5
 Ozocubu's Refrigeration  Ice            0%         4d5       100%        7


Dungeon Overview and Level Annotations

Branches:
Dungeon (4/15)
 Temple: D:4-7

Altars:
Sif Muna
Zin
The Shining One


Innate Abilities, Weirdness & Mutations

You have sharp fingernails.
You may rarely emit foul miasma when damaged in melee.


Message History

The gnoll shouts!
An adder comes into view.
A gnoll comes into view. It is wielding a +2 halberd of venom.
The gnoll moves out of view.
The gnoll shouts!
The adder hisses angrily.
The gnoll barely misses you.
A gnoll comes into view.
It is wielding a +0 halberd of freezing.
You closely miss the gnoll. The gnoll barely misses you.
You hit the gnoll. You freeze the gnoll.
The gnoll is moderately wounded.
The gnoll barely misses you.
The gnoll hits you with a +2 halberd of venom.
You are poisoned.
You hit the gnoll. You freeze the gnoll.
The gnoll is severely wounded.
You feel sick. The gnoll barely misses you.
The gnoll hits you but does no damage.
You are more poisoned.
You barely miss the gnoll.
The gnoll is severely wounded.
You feel very sick. The gnoll closely misses you.
The gnoll hits you with a +2 halberd of venom.
The gnoll barely misses you. The gnoll closely misses you.
You hit the gnoll. You freeze the gnoll.
You kill the gnoll!
You feel sick. The adder barely misses you. The gnoll barely misses you.
You slash the adder!
The adder seems to slow down.
You freeze the adder.
You kill the adder!
You feel sick.
The gnoll hits you from afar with a +0 halberd of freezing!
* * * LOW HITPOINT WARNING * * *
The gnoll freezes you.
* * * LOW HITPOINT WARNING * * *
A protective cloak of flame settles atop you.
You feel sick.
The gnoll hits you from afar with a +0 halberd of freezing!
* * * LOW HITPOINT WARNING * * *
The gnoll freezes you.
You die...

######## #......#
#.####.# #
###.######.# #
#..........#
##.#g##.#.#......#
#....)@...#.###.##
#.....##.###.### #
..... ...# #.#..
###. ##### #.#.# #
#.#.# #.#.####
#......# ###.####
#### ##...# #.##


You could see a gnoll.

Vanquished Creatures
  A hound (D:4)
  An orc wizard (D:3)
  A gnoll (D:4)
  5 adders
  2 worms (D:3)
  3 dart slugs
  3 orcs (D:3)
  8 ball pythons
  3 bats
  6 endoplasms
  3 giant cockroaches
  3 goblins
  6 hobgoblins
  2 jackals (D:3)
  10 kobolds
  A quokka (D:3)
  2 frilled lizards
  11 rats
71 creatures vanquished.

Notes
Turn   | Place    | Note
-------+----------+-------------------------------------------
     0 | D:1      | RighteousDevil the Demonspawn Cinder Acolyte began the
                  | quest for the Orb.
     0 | D:1      | Reached XP level 1. HP: 18/18 MP: 2/2
   159 | D:1      | Reached skill level 3 in Maces & Flails
   297 | D:1      | Gained mutation: You have sharp fingernails. [demonic
                  | ancestry]
   297 | D:1      | Reached XP level 2. HP: 15/24 MP: 3/3
  1465 | D:2      | Found a faded altar of an unknown god.
  1509 | D:2      | Reached XP level 3. HP: 29/29 MP: 4/4
  1593 | D:2      | Learned a level 2 spell: Scorch
  1678 | D:2      | Found a shimmering blue altar of Sif Muna.
  1780 | D:2      | Reached skill level 4 in Maces & Flails
  1928 | D:2      | Identified the +6 hand axe "Juasyisk" {freeze, rN+ Dex+2}
  2093 | D:2      | Gained mutation: You may rarely emit foul miasma when
                  | damaged in melee. [demonic ancestry]
  2093 | D:2      | Reached XP level 4. HP: 33/35 MP: 5/5
  2328 | D:2      | Reached skill level 1 in Axes
  3127 | D:3      | Reached XP level 5. HP: 31/41 MP: 6/6
  3555 | D:4      | HP: 1/41 [gnoll (8)]
  3555 | D:4      | Slain by a gnoll

Illustrated notes

Levels and vault maps discovered:
D:1:      dpeg_arrival_rhombi, layout_loops_ring
D:2:      minmay_razor_zed, layout_basic, basic_altar,
          shapermc_ecumenical_altar_pompeii
D:3:      layout_loops_cross, tso_metal_star
D:4:      layout_loops_corners, pdpol_temple_overflow_zin_treasury_gozag_greed,
          mainiacjoe_overflow_tiny_flanked, mainiacjoe_overflow_cross_hatched,
          temple_hall, gammafunk_ghost_nasty_kobolds

Skill      XL: |  1  2  3  4 |
---------------+-------------+-----
Maces & Flails | 3 4 |  4.1
Fire Magic     | 3 |  3.6
Axes           | 2 |  2.7
Fighting       | |  3.0
Spellcasting   | |  1.0

Action                   |  1- 3 |  4- 6 || total
-------------------------+-------+-------++-------
Melee: Mace              |   133 |       ||   133
       Hand axe          |     8 |    68 ||    76
       Punch             |     2 |       ||     2
Invok: Fiery Armour      |       |     1 ||     1
  Use: Scroll            |     2 |       ||     2
       Potion            |     1 |       ||     1
 Stab: Distracted        |       |     1 ||     1
Armor: Robe              |    15 |       ||    15
       Ring mail         |    21 |    13 ||    34
       Scale mail        |       |     8 ||     8
Dodge: Dodged            |   120 |    30 ||   150
